 Dungeon Crawl Stone Soup version 0.19.5 (webtiles) character file.

215 Nelagord the Ducker (level 6, 0/49 HPs)
             Began as a Human Gladiator on Mar 16, 2017.
             Was a Follower of Uskayaw.
             Succumbed to a scorpion's poison
             ... on level 4 of the Dungeon.
             The game lasted 00:09:22 (2838 turns).

Nelagord the Ducker (Human Gladiator)               Turns: 2838, Time: 00:09:23

Health: 0/49       AC:  5    Str: 16    XL:     6   Next: 15%
Magic:  6/6        EV: 14    Int:  8    God:    Uskayaw [*.....]
Gold:   109        SH:  0    Dex: 15    Spells: 0 memorised, 5 levels left

rFire  . . .     SeeInvis .     l - +4 dagger
rCold  . . .     Gourm    .     b - +0 leather armour
rNeg   . . .     Faith    .     (no shield)
rPois  .         Spirit   .     c - +1 helmet
rElec  .         Reflect  .     (no cloak)
rCorr  +         Harm     .     (no gloves)
MR     .....                    (no boots)
Stlth  +.........               (no amulet)
                                (no ring)
                                e - ring of resist corrosion

@: lethally poisoned (0 -> -15)
A: no striking features
a: Stomp, Renounce Religion


You were on level 4 of the Dungeon.
You worshipped Uskayaw.
Uskayaw was noncommittal.
You were not hungry.

You visited 1 branch of the dungeon, and saw 4 of its levels.

You collected 109 gold pieces.

Inventory:

Hand Weapons
 l - a +4 dagger (weapon)
 m - a +0 vampiric trident
Missiles
 d - 3 throwing nets (quivered)
Armour
 a - a cursed -1 robe
 b - a +0 leather armour (worn)
 c - a +1 helmet (worn)
Jewellery
 e - a ring of resist corrosion (left hand)
Wands
 k - a wand of digging (7/24)
Scrolls
 g - a scroll of enchant weapon
 h - a scroll of fear
Books
 o - a book of Cantrips

   Spells                             Type                      Level
   a - Confusing Touch                Hexes                        1
   b - Animate Skeleton               Necromancy                   1
   c - Summon Small Mammal            Summoning                    1
   d - Apportation                    Translocation                1
Comestibles
 n - 3 meat rations


   Skills:
 + Level 4.4 Fighting
   Level 3.0 Long Blades
 - Level 2.0 Throwing
 + Level 4.9 Dodging


You had 5 spell levels left.
You didn't know any spells.

Dungeon Overview and Level Annotations

Branches:
Dungeon (4/15)
 Temple: D:4-7

Altars:
Elyvilon
Kikubaaqudgha
Qazlal
Ru
Uskayaw


Message History

The scorpion is moderately wounded.
You feel sick. The scorpion stings you!
* * * LOW HITPOINT WARNING * * *
You are lethally poisoned!
The scorpion poisons you!
You aren't carrying any potions.
You closely miss the scorpion.
The scorpion is moderately wounded.
* * * LOW HITPOINT WARNING * * *
You feel sick. The scorpion misses you.
You barely miss the scorpion.
The scorpion is moderately wounded.
* * * LOW HITPOINT WARNING * * *
You feel sick. The scorpion stings you!
* * * LOW HITPOINT WARNING * * *
* * * LOW HITPOINT WARNING * * *
You feel sick.
* * * LOW HITPOINT WARNING * * *
You feel sick.
You die...

#.## . ..##### #..# #.
..... #### #.. .... ###
#.###.. #.# #.....# #.#
#....# #.# #..#.s###
##.## ### #...(#####
##..## ##.####@.......
.#...#####......##...###
..........#####.# ##.#
.###.##.### #.# .# ..
#.##....# #.. .
##.#.#####.# #### . .#.#
# ... ...


You could see a scorpion.

Vanquished Creatures
  An orc priest (D:3)
  2 orc wizards
  2 gnolls (D:3)
  2 adders (D:2)
  2 worms
  2 dart slugs (D:3)
  4 leopard geckos
  6 orcs (D:3)
  4 bats
  6 giant cockroaches
  7 hobgoblins
  12 jackals
  5 kobolds
  A quokka (D:2)
  2 frilled lizards
  6 goblins
  7 rats
71 creatures vanquished.

Notes
Turn   | Place    | Note
-------+----------+-------------------------------------------
     0 | D:1      | Nelagord the Human Gladiator began the quest for the Orb.
     0 | D:1      | Reached XP level 1. HP: 16/16 MP: 1/1
   159 | D:1      | Reached XP level 2. HP: 23/23 MP: 2/2
   542 | D:1      | Reached XP level 3. HP: 22/28 MP: 3/3
   815 | D:2      | Found a stormy altar of Qazlal.
  1178 | D:2      | Reached XP level 4. HP: 17/35 MP: 4/4
  1358 | D:2      | Found an ancient bone altar of Kikubaaqudgha.
  1374 | D:2      | Found a hide-covered altar of Uskayaw.
  1378 | D:2      | Became a worshipper of Uskayaw the Reveler
  1578 | D:2      | Found a sacrificial altar of Ru.
  1582 | D:2      | Reached * piety under Uskayaw
  1585 | D:2      | Reached ** piety under Uskayaw
  1593 | D:2      | Reached *** piety under Uskayaw
  1922 | D:3      | Reached XP level 5. HP: 41/41 MP: 5/5
  2278 | D:3      | Found a white marble altar of Elyvilon.
  2332 | D:3      | Reached XP level 6. HP: 40/48 MP: 6/6
  2837 | D:4      | HP: 1/49 [poisoned by a scorpion]
  2838 | D:4      | Succumbed to a scorpion's poison

Skill      XL: |  1  2  3  4  5 |
---------------+----------------+-----
Fighting       | 3 4 |  4.4
Dodging        | 4 |  4.9
Long Blades    | |  3.0
Throwing       | |  2.0

Action                   |  1- 3 |  4- 6 || total
-------------------------+-------+-------++-------
Melee: Long sword        |    92 |     1 ||    93
       Dagger            |       |   183 ||   183
  Use: Scroll            |       |    11 ||    11
       Potion            |       |     2 ||     2
 Stab: Paralysed         |       |     3 ||     3
  Eat: Bread ration      |       |     2 ||     2
Armor: Leather armour    |    18 |    36 ||    54
Dodge: Dodged            |    91 |   110 ||   201
       Rpst.: Long sword |    37 |       ||    37
